 Dungeon Sprint DCSS version 0.23.1 (webtiles) character file.

Game seed: 6242932024356998784

8 nuthulu the Skirmisher (level 2, -11/37 HPs)
             Began as a Troll Monk on Mar 12, 2019.
             Was a Believer of Wu Jian.
             Killed from afar by a wizard (15 damage)
             ... with a bolt of cold
             ... in the Dungeon (Sprint V: "Ziggurat Sprint").
             The game lasted 00:00:44 (64 turns).

nuthulu the Skirmisher (Troll Monk)                   Turns: 64, Time: 00:00:44

Health: -11/37     AC: 21    Str: 30    XL:     2   Next: 0%
Magic:  1/1        EV:  3    Int:  6    God:    Wu Jian [**....]
Gold:   0          SH:  0    Dex: 12    Spells: 1/1 levels left

rFire    + . .     SeeInvis .     - Unarmed
rCold    + . .     Gourm    +   (no shield)
rNeg     . . .     Faith    .   i - +5 gold dragon scales
rPois    +         Spirit   .   (helmet restricted)
rElec    .         Reflect  .   (no cloak)
rCorr    .         Harm     .   (gloves unavailable)
MR       .....     NoTele   +   (boots unavailable)
Stlth    ..........             (no amulet)
HPRegen  0.52/turn              C - +6 ring of strength
MPRegen  0.07/turn              D - +6 ring of strength

@: marked, slowed, very slow
A: large, unfitting armour, claws 3, fast metabolism 3, gourmand, regeneration
1, shaggy fur 1, tough skin 3
a: Wall Jump, Renounce Religion


You were in the Dungeon.
You worshipped Wu Jian.
Wu Jian was pleased with you.
You were not hungry.

You visited 1 branch

Inventory:

Armour
 a - a +0 robe
 i - +5 gold dragon scales (worn)
Jewellery
 y - a +6 ring of dexterity
 z - a +6 ring of dexterity
 A - a +6 ring of intelligence
 B - a +6 ring of intelligence
 C - a +6 ring of strength (left claw)
 D - a +6 ring of strength (right claw)
Wands
 v - a wand of disintegration (7)
 w - a wand of iceblast (7)
 x - a wand of acid (7)
Scrolls
 h - 4 scrolls of blinking
 p - 4 scrolls of amnesia
 q - 7 scrolls of fog
 r - a scroll of holy word
 s - 5 scrolls of identify
 t - 5 scrolls of remove curse
 u - 2 scrolls of fear
Potions
 c - 10 potions of curing
 d - 10 potions of heal wounds
 e - 6 potions of haste
 f - 7 potions of magic
 g - 3 potions of berserk rage
 j - 2 potions of brilliance
 k - 2 potions of invisibility
 l - 4 potions of resistance
 n - 5 potions of agility
 o - 5 potions of might
Comestibles
 b - 8 rations


   Skills:
 + Level 6.7 Fighting
 + Level 2.4 Dodging
 - Level 1.0 Stealth
 * Level 3.0 Unarmed Combat


You had one spell level left.
You didn't know any spells.
Your spell library was empty.

Dungeon Overview and Level Annotations

Branches:
Dungeon (1/1)

Altars:
Ashenzari
Cheibriados
Dithmenos
Elyvilon
Fedhas
Gozag
Hepliaklqana
Kikubaaqudgha
Makhleb
Nemelex Xobeh
Okawaru
Qazlal
Ru
Sif Muna
Trog
Uskayaw
Vehumet
Wu Jian
Xom
Yredelemnul
Zin
The Shining One
Beogh
Jiyva
Lugonu

Annotations:
D 1 transporter


Innate Abilities, Weirdness & Mutations

You are too large for most types of armour.
You have claws for hands.
Your metabolism is lightning-fast.
You like to eat raw meat.
Your natural rate of healing is unusually fast.
You are covered in fur. (AC +1)
You have extremely tough skin. (AC +3)


Message History

The vault sentinel hits you with a cursed -3 long sword.
The wizard hits you but does no damage.
Unknown command.
You closely miss the wizard.
The wizard is almost dead.
The vault sentinel blows a loud note on a signal horn!
The wizard hits you but does no damage.
The vault sentinel hits you but does no damage.
Unknown command.
You scratch the wizard but do no damage.
The wizard is almost dead.
The wizard points at you and mumbles some strange words.
The crystal spear hits you!!
Ouch! That really hurt!
* * * LOW HITPOINT WARNING * * *
The vault sentinel points at you and mumbles some strange words.
The mark upon you grows brighter.
The wizard gestures at you while chanting.
The bolt of cold hits you! You resist.
You die...

▓▓▓▓▓▓▓
▓.8©8.▓
▓.....▓
▓.}.|.▓
▓.pp..▓
▓..@..▓
▓..©..▓
▓▓▓▓▓▓▓


You could see a vault sentinel and a wizard.

Vanquished Creatures (others)
  A spatial maelstrom (D)
1 creature vanquished.

Notes
Turn   | Place    | Note
-------+----------+-------------------------------------------
     0 | D        | Found the +6 Majin-Bo {vamp, Archmagi MP+6 Int+6}
     0 | D        | Found the +7 great mace "Firestarter" {inner flame, rF++}
     0 | D        | nuthulu the Troll Monk began the quest for the Orb.
     0 | D        | Reached XP level 1. HP: 22/22 MP: 0/0
    15 | D        | Found a deep blue altar of Sif Muna.
    15 | D        | Found a sacrificial altar of Ru.
    15 | D        | Found a bloodstained altar of Trog.
    15 | D        | Found a stormy altar of Qazlal.
    15 | D        | Found an iron altar of Okawaru.
    15 | D        | Found a sparkling altar of Nemelex Xobeh.
    15 | D        | Found a blossoming altar of Fedhas.
    17 | D        | Found a transporter.
    17 | D        | Found an ancient bone altar of Kikubaaqudgha.
    17 | D        | Found a viscous altar of Jiyva.
    17 | D        | Found a corrupted altar of Lugonu.
    17 | D        | Found a hazy altar of Hepliaklqana.
    17 | D        | Found a burning altar of Makhleb.
    17 | D        | Found an opulent altar of Gozag.
    17 | D        | Banished a spatial maelstrom
    30 | D        | Reached skill level 6 in Fighting
    30 | D        | Reached XP level 2. HP: 37/37 MP: 1/1
    41 | D        | Became a worshipper of the Wu Jian Council
    41 | D        | Reached * piety under Wu Jian
    41 | D        | Reached ** piety under Wu Jian
    54 | D        | Entered arena 2.
    54 | D        | Noticed a vault sentinel
    54 | D        | Noticed a wizard
    54 | D        | Found a transporter.
    64 | D        | Killed from afar by a wizard

Skill      XL: |  1 |
---------------+----+-----
Fighting       | 6 |  6.7
Dodging        | |  2.4
Stealth        | |  1.0
Unarmed Combat | |  3.0

Action                   || total
-------------------------++-------
Melee: Unarmed           ||    10
Invok: Lunge             ||     1
  Use: Potion            ||     1
Armor: Gold dragon scale ||     9
